 Dungeon Crawl Stone Soup version 0.28.0-47-ge53b351184 (webtiles) character file.

Game seed: 4457515965656899842

2306698 Amplified the Bringer of Law (level 27, 250/273 HPs)
             Began as a Minotaur Fighter on Apr 12, 2022.
             Was the Champion of Zin.
             Escaped with the Orb
             ... and 5 runes on Apr 26, 2022!
             The game lasted 04:26:32 (117810 turns).

Amplified the Bringer of Law (Minotaur Fighter)   Turns: 117810, Time: 04:26:32

Health: 250/273    AC: 27    Str: 27    XL:     27
Magic:  38/39      EV: 26    Int: 15    God:    Zin [******]
Gold:   602        SH: 16    Dex: 17    Spells: 17/51 levels left

rFire   + + +      SeeInvis .   R - +6 war axe of Viny Conscience {vorpal, rC++ rN+ Int+4 Stlth-}
rCold   + + .      Faith    +   u - +2 kite shield {reflect}
rNeg    + + +      Spirit   .   g - +4 ring mail "Gucw" {Will+ Dex+5}
rPois   +          Reflect  +   s - +2 hat {Will+}
rElec   +          Harm     .   h - +2 cloak {rCorr}
rCorr   +          Rampage  .   q - +2 pair of gloves
Will    +++..                   A - +2 pair of boots {Fly}
Stlth   ..........              Q - amulet of Ruegaup {Faith rF++ rCorr}
HPRegen 0.55/turn               F - ring of Xom's Full Attention {rPois rF+ rN++ Will- EV+4}
MPRegen 0.26/turn               J - ring "Zaaryuq" {Wiz rElec}

@: flying
A: horns 2, retaliatory headbutt
0: Orb of Zot
}: 5/15 runes: decaying, slimy, silver, demonic, gossamer
a: Renounce Religion, Recite, Vitalisation, Imprison, Sanctuary, Donate Gold


You escaped.
You worshipped Zin.
Zin was exalted by your worship.
You visited 12 branches of the dungeon, and saw 57 of its levels.
You visited Pandemonium 1 time, and saw 4 of its levels.
You visited the Abyss 4 times.
You visited 1 bazaar.
You visited 1 ziggurat, and saw 6 of its levels.
You also visited: Gauntlet and Volcano.

You collected 9625 gold pieces.
You spent 4392 gold pieces at shops.
You donated 4631 gold pieces to Zin.

Inventory:

Hand Weapons
 b - a +3 broad axe of electrocution
 H - a +2 broad axe of flaming
 O - the +4 broad axe of Uncomfortable Rashes {protect, Will+ Int+2 SInv}
   (You took it off a white draconian on level 3 of the Realm of Zot)

   It grants its wielder temporary protection when it strikes (+7 to AC).
   Int:       It affects your intelligence (+2).
   SInv:      It lets you see invisible.
   Will:      It increases your willpower.
 R - the +6 war axe of Viny Conscience (weapon) {vorpal, rC++ rN+ Int+4 Stlth-}
   (You found it in a Gauntlet)

   It inflicts extra damage upon your enemies.
   Int:       It affects your intelligence (+4).
   rC:        It greatly protects you from cold.
   rN:        It protects you from negative energy.
   Stlth:     It makes you less stealthy.
 S - a +2 double sword of flaming
 Y - the +8 frozen axe "Frostbite" {freezing cloud, *Noise Fly rC+}
   (You found it on level 3 of the Elven Halls)

   It freezes those it strikes, dealing additional cold damage.
   It can also slow down cold-blooded creatures.
   It occasionally leaves clouds of freezing vapour upon striking a foe.
   It grants immunity to clouds of freezing vapour.
   rC:        It protects you from cold.
   Fly:       It grants you flight.
   *Noise:    It may make noises in combat.
Missiles
 l - 47 poisoned darts (quivered)
Armour
 g - the +4 ring mail "Gucw" (worn) {Will+ Dex+5}
   (You found it on level 5 of the Dungeon)

   Dex:       It affects your dexterity (+5).
   Will:      It increases your willpower.
 h - a +2 cloak of preservation (worn)
 q - a +2 pair of gloves (worn)
 s - a +2 hat of willpower (worn)
 u - a +2 kite shield of reflection (worn)
 w - a +3 tower shield of protection
 A - a +2 pair of boots of flying (worn)
 N - the +2 cloak of the Thief {*Fog Slay-2 SInv Stlth+}
   (You bought it in a shop on level 2 of the Orcish Mines)

   It may release a thick cloud of smoke when the wearer is hurt.
   Slay:      It affects your accuracy & damage with ranged weapons and melee
   (-2).
   SInv:      It lets you see invisible.
   Stlth:     It makes you more stealthy.
 P - +1 storm dragon scales
Jewellery
 a - a ring of positive energy
 e - the amulet "Coguucrace" {Reflect Int+6 SH+5}
   (You acquired it on level 3 of the Dungeon)

   [amulet of reflection]

   It reflects blocked missile attacks.
   Int:       It affects your intelligence (+6).
   SH:        It affects your SH (+5).
 o - a ring of poison resistance
 y - an amulet of regeneration
 z - the amulet of the Four Winds {rN+ Will+++ Clar}
   (You found it on level 5 of a ziggurat)

   [amulet of nothing]

   rN:        It protects you from negative energy.
   Clar:      It protects you against confusion.
   Will:      It greatly increases your willpower.
 D - a ring of positive energy
 F - the ring of Xom's Full Attention (left hand) {rPois rF+ rN++ Will- EV+4}
   (You acquired it on level 1 of the Elven Halls)

   [ring of evasion]

   EV:        It affects your evasion (+4).
   rF:        It protects you from fire.
   rPois:     It protects you from poison.
   rN:        It greatly protects you from negative energy.
   Will:      It decreases your willpower.
 J - the ring "Zaaryuq" (right hand) {Wiz rElec}
   (You took it off a wight on level 10 of the Dungeon)

   [ring of wizardry]

   It improves your spell success rate.
   rElec:     It insulates you from electricity.
 L - the ring of Quro {rC+ Will+ MP+9}
   (You took it off a spriggan berserker on level 3 of the Depths)

   [ring of magical power]

   rC:        It protects you from cold.
   MP:        It affects your magic capacity (+9).
   Will:      It increases your willpower.
 M - the ring "Ocuir" {Drain EV+4 Str+4 Dex+2 SInv}
   (You found it on level 1 of the Realm of Zot)

   [ring of evasion]

   EV:        It affects your evasion (+4).
   Str:       It affects your strength (+4).
   Dex:       It affects your dexterity (+2).
   SInv:      It lets you see invisible.
   Drain:     It drains your maximum health when unequipped.
 Q - the amulet of Ruegaup (around neck) {Faith rF++ rCorr}
   (You bought it in a shop on level 8 of the Dungeon)

   [amulet of faith]

   It allows you to gain divine favour quickly.
   rF:        It greatly protects you from fire.
   rCorr:     It protects you from acid and corrosion.
 T - a ring of protection from fire
 Z - the ring "Kalab" {rElec rCorr Int-3 Dex+3}
   (You found it on level 1 of the Depths)

   [ring of resist corrosion]

   Int:       It affects your intelligence (-3).
   Dex:       It affects your dexterity (+3).
   rElec:     It insulates you from electricity.
   rCorr:     It protects you from acid and corrosion.
Wands
 i - a wand of iceblast (41)
 k - a wand of paralysis (53)
 m - a wand of flame (138)
 B - a wand of charming (13)
 C - a wand of mindburst (51)
Scrolls
 c - 3 scrolls of silence
 t - 2 scrolls of fear
 E - 2 scrolls of enchant weapon
 G - 9 scrolls of amnesia
 K - 2 scrolls of brand weapon
Potions
 f - 8 potions of mutation
 j - a potion of might
 p - 7 potions of brilliance
 r - 4 potions of attraction
 x - a potion of magic
Miscellaneous
 d - a lightning rod (4/4)
 X - a phantom mirror


   Skills:
 O Level 27 Fighting
 - Level 18.0 Axes
 - Level 14.0 Crossbows
 - Level 21.7 Armour
 - Level 20.1 Dodging
 - Level 15.0 Shields
 * Level 12.5 Spellcasting
 - Level 8.4 Conjurations
 * Level 6.0 Hexes
 - Level 1.7 Summonings
 - Level 3.1 Ice Magic
 * Level 9.1 Air Magic
 - Level 2.6 Poison Magic
 O Level 27 Invocations


You had 17 spell levels left.
You knew the following spells:

 Your Spells              Type           Power      Damage    Failure   Level
a - Passwall              Tmut/Erth      7%         N/A       10%         2
b - Mephitic Cloud        Conj/Pois/Air  29%        N/A       1%          3
c - Swiftness             Air            36%        N/A       1%          3
d - Summon Lightning Spi  Summ/Air       25%        N/A       7%          4
e - Blink                 Tloc           18%        N/A       10%         2
f - Freezing Cloud        Conj/Ice/Air   15%        6-21      11%         5
g - Silence               Hex/Air        16%        N/A       9%          5
h - Airstrike             Air            18%        N/A       1%          4
i - Portal Projectile     Hex/Tloc       36%        N/A       6%          3
j - Confusing Touch       Hex            27%        N/A       1%          3

Your spell library contained the following spells:

 Spells                   Type           Power      Damage    Failure   Level
 Foxfire                  Conj/Fire      88%        2x1d8     1%          1
 Magic Dart               Conj           100%       1d8       1%          1
 Shock                    Conj/Air       100%       1d9       1%          1
 Slow                     Hex            100%       N/A       1%          1
 Corpse Rot               Necr/Air       46%        N/A       1%          2
 Ensorcelled Hibernation  Hex/Ice        46%        N/A       1%          2
 Searing Ray              Conj           68%        2d6       1%          2
 Dazzling Flash           Conj/Hex       62%        N/A       1%          3
 Tukima's Dance           Hex            27%        N/A       1%          3
 Summon Small Mammal      Summ           56%        N/A       3%          1
 Conjure Flame            Conj/Fire      22%        6-21      3%          3
 Stone Arrow              Conj/Erth      44%        3d9       3%          3
 Fulminant Prism          Conj/Hex       15%        3d11      3%          4
 Sting                    Tmut/Pois      52%        1d5       4%          1
 Call Imp                 Summ           14%        N/A       4%          2
 Summon Guardian Golem    Hex/Summ       20%        N/A       4%          3
 Lightning Bolt           Conj/Air       17%        1d32      4%          5
 Animate Skeleton         Necr           18%        N/A       6%          1
 Apportation              Tloc           18%        N/A       6%          1
 Pain                     Necr           36%        1d5       6%          1
 Sandblast                Erth           18%        2d7       6%          1
 Inner Flame              Hex/Fire       18%        N/A       6%          3
 Cause Fear               Hex            13%        N/A       6%          4
 Hailstorm                Conj/Ice       26%        3d7       6%          4
 Iskenderun's Battlesphe  Conj           34%        2d9       6%          5
 Scorch                   Fire           18%        2d5       10%         2
 Sublimation of Blood     Necr           9%         N/A       10%         2
 Wereblood                Tmut           9%         N/A       10%         2
 Call Canine Familiar     Summ           14%        N/A       10%         3
 Spider Form              Tmut/Pois      13%        N/A       12%         3
 Flame Wave               Conj/Fire      22%        2d7       12%         4
 Iskenderun's Mystic Bla  Conj/Tloc      22%        2d6       12%         4
 Sticky Flame             Conj/Fire      22%        2d4       12%         4
 Ignite Poison            Fire/Tmut/Pois 12%        N/A       13%         3
 Gell's Gravitas          Tloc           9%         N/A       19%         3
 Lesser Beckoning         Tloc           9%         N/A       19%         3
 Teleport Other           Tloc           9%         N/A       19%         3
 Vampiric Draining        Necr           9%         2d6       19%         3
 Anguish                  Hex/Necr       9%         N/A       19%         4
 Leda's Liquefaction      Hex/Erth       9%         N/A       19%         4
 Olgreb's Toxic Radiance  Pois           17%        N/A       21%         4
 Summon Ice Beast         Ice/Summ       16%        N/A       24%         4
 Conjure Ball Lightning   Conj/Air       17%        3x3d6     26%         6
 Irradiate                Conj/Tmut      11%        3d17      30%         5
 Ice Form                 Ice/Tmut       14%        N/A       32%         4
 Summon Mana Viper        Hex/Summ       20%        N/A       34%         5
 Yara's Violent Unravell  Hex/Tmut       9%         3d6       45%         5
 Animate Dead             Necr           4%         N/A       52%         4
 Passage of Golubria      Tloc           9%         N/A       52%         4
 Petrify                  Tmut/Erth      9%         N/A       52%         4
 Alistair's Intoxication  Tmut/Pois      8%         N/A       67%         5
 Starburst                Conj/Fire      11%        6d5       83%         6
 Agony                    Necr           9%         N/A       85%         5
 Blade Hands              Tmut           4%         N/A       85%         5
 Borgnjor's Vile Clutch   Necr/Erth      4%         N/A       85%         5
 Excruciating Wounds      Necr           4%         N/A       85%         5
 Manifold Assault         Tloc           9%         N/A       85%         5
 Simulacrum               Ice/Necr       7%         N/A       99%         6
 Summon Cactus Giant      Summ           7%         N/A       99%         6
 Death Channel            Necr           4%         N/A       100%        6
 Dispersal                Tloc           4%         N/A       100%        6
 Statue Form              Tmut/Erth      6%         N/A       100%        6
 Dragon Form              Tmut           4%         N/A       100%        7
 Haunt                    Necr/Summ      5%         N/A       100%        7
 Monstrous Menagerie      Summ           7%         N/A       100%        7
 Ozocubu's Refrigeration  Ice            9%         4d6       100%        7
 Storm Form               Tmut/Air       11%        N/A       100%        7
 Summon Hydra             Summ           7%         N/A       100%        7
 Discord                  Hex            13%        N/A       100%        8
 Disjunction              Tloc           4%         N/A       100%        8
 Ignition                 Fire           4%         3d4       100%        8
 Infestation              Necr           4%         N/A       100%        8
 Lehudib's Crystal Spear  Conj/Erth      11%        10d4      100%        8
 Maxwell's Capacitive Co  Air            18%        ∞         100%        8
 Chain Lightning          Conj/Air       17%        3d23      100%        9
 Dragon's Call            Summ           7%         N/A       100%        9
 Fire Storm               Conj/Fire      11%        8d3       100%        9
 Shatter                  Erth           4%         3d8*      100%        9


Dungeon Overview and Level Annotations

Branches:
Dungeon (15/15)            Temple (0/1) D:6            Lair (6/6) D:9
  Swamp (4/4) Lair:2       Spider (4/4) Lair:4        Slime (5/5) Lair:6
    Orc (2/2) D:10            Elf (3/3) Orc:2        Vaults (5/5) D:13
  Crypt (3/3) Vaults:2       Tomb (0/3) Crypt:3      Depths (4/4) D:15
   Hell (visited)             Zot (5/5) Depths:4    Volcano (visited)
Gauntlet (visited)
    Dis: Hell:1         Geh: Hell:1         Coc: Hell:1         Tar: Hell:1

Altars:
Ashenzari
Cheibriados
Dithmenos
Elyvilon
Fedhas
Gozag
Kikubaaqudgha
Nemelex Xobeh
Okawaru
Qazlal
Ru
Sif Muna
Uskayaw
Vehumet
Yredelemnul
Zin
Jiyva
Lugonu

Shops:
D:8 ((=?   D:15 :   Orc:2 [!?[   Elf:1 [**   Elf:2 *   Zot:3 *

Portals:
Hell: Depths:1 Depths:2 Depths:3 Depths:4
Abyss: Orc:1 Lair:6 Depths:3
Pandemonium: Depths:2 Depths:4

Annotations:
Elf:1 Extrarunes?
Vaults:1 Elves?
Vaults:4 Mennas
Depths:1 I really don't like this patch.
Depths:2 Try to find sure-fire-something for Zot:5.
Depths:3 Setup Will+, Elem-guard for ascension.
Hell Geryon
Zot:1 Downstairs tough. No risks.
Zot:3 Tiamat


Innate Abilities, Weirdness & Mutations

You have a pair of horns on your head.
You reflexively headbutt those who attack you in melee.


Message History

There is a stone staircase leading down here.
Unknown command.
(D) Dungeon (T) Temple (L) Lair (S) Swamp (N) Spider Nest (M) Slime Pits (O) Orcish Mines (E) Elven Halls (V) Vaults (C) Crypt (W) Tomb (U) Depths (H) Hell (Z) Zot
Where to? (Enter - D:1, ? - help)
What level of the Dungeon? (default 1, ? - help)
There is a stone staircase leading up here.
You fly upwards.
There is a stone staircase leading down here.
There is a stone staircase leading up here.
You fly upwards.
There is a stone staircase leading down here.
There is a stone staircase leading up here.
You fly upwards.
There is a stone staircase leading down here.
Casting: Passwall (safe; 10% risk of failure)
Confirm with . or Enter, or press ? or * to list all spells.
Aiming: Passwall (safe; 10% risk of failure)
Press: ? - help, Dir - move target A rock wall.
This square is covered in magical glow.
You miscast Passwall.
You are very lightly contaminated with residual magic.
Nothing appears to happen.
Unknown command.
Unknown command.
Casting: Passwall (safe; 10% risk of failure)
Confirm with . or Enter, or press ? or * to list all spells.
Aiming: Passwall (safe; 10% risk of failure)
Press: ? - help, Dir - move target A rock wall.
This square is covered in magical glow.
You begin to meditate on the wall.
You continue meditating on the rock. x2
You finish merging with the rock.
Unknown command.
Your magical contamination has completely faded away.
There is a staircase leading out of the dungeon here.
You have escaped!

# #..#.#.#..# #.#..### #.# #.#.#
# #..#...#..# ##.....# #.###.#.#
# #..##..#..# ##.##.####.#...#.#
# #..##..#..# #.###..#..##.###.#
# #..###.#..# #.####..####.....#
# #....#.#..# #..# #.## #######
#####.#.#....####.# #.# #......
......#.#......##.###.#####.#####
......#.#(.....#@..#...#.##.#....
####...........###....###.#.#.###
...#.#..##.....# ##.#####.#.#.#.#
...#.........### ##.# #.##.#.#.#
...#....##.#.### #..# #.##.#.#.#
...#....#......# #.## ##.#.#.#..
...#....#......##########'#.#....
...#....#......#........)...#.###
...#....#...>..#............#....


There were no monsters in sight!

Vanquished Creatures
  the Royal Jelly (Slime:5)
  An ancient lich (Vaults:5)
  3 dread liches
  2 orbs of fire (Zot:5)
  3 juggernauts
  Boris (Depths:4)
  Bai Suzhen (Vaults:5)
  3 Killer Klowns
  Frederick (Crypt:1)
  4 caustic shrikes (Depths:2)
  2 curse toes
  11 golden dragons
  Xtahua (Vaults:2)
  A pandemonium lord (Pan)
  3 bone dragons
  Jory (Vaults:5)
  2 electric golems
  2 Tzitzimimeh (Pan)
  2 hellephants
  17 tentacled monstrosities
  9 liches
  A shard shrike skeleton (Crypt:1)
  26 Orb Guardians
  4 Hell Sentinels (Pan)
  14 acid blobs
  4 titans (Vaults:5)
  Asterion (Vaults:3)
  4 deep elf blademasters
  2 walking earthen tomes (Depths:3)
  A deep elf master archer (Elf:3)
  18 quicksilver dragons
  5 Executioners (Pan)
  5 sphinxes
  An ancient champion (Crypt:1)
  6 tengu reavers
  9 death cobs
  15 tentacled starspawn
  7 shadow dragons
  4 thorn hunters
  Donald (Swamp:1)
  Roxanne (D:15)
  16 storm dragons
  7 rockslimes
  A daeva (Pan)
  7 draconian monks
  3 demonspawn warmongers (Pan)
  16 azure jellies
  9 fire giants
  2 revenants
  7 frost giants
  12 draconian knights
  11 deep elf sorcerers
  18 vault wardens
  8 ghost moths
  8 cacodemons (Pan)
  An iron dragon (Vaults:5)
  A curse skull (Zig:2)
  Louise (Depths:3)
  8 draconian scorchers
  8 balrugs
  4 emperor scorpions
  A shard shrike simulacrum (Abyss:3)
  The ghost of Kaiern the Fighter, a journeyman MiHu of Okawaru (Orc:1)
  3 orc warlords
  4 ghouls (Crypt:2)
  10 draconian shifters
  The ghost of Cown the Bludgeoner, a journeyman TrHu of Yredelemnul (D:14)
  5 spriggan defenders
  4 draconian annihilators
  11 quicksilver oozes
  7 draconian stormcallers
  9 war gargoyles
  A broodmother (shapeshifter) (D:13)
  14 very ugly things
  20 ironbound preservers
  4 demonspawn corrupters (Pan)
  A caustic shrike skeleton (Crypt:3)
  7 broodmothers
  2 deep elf elementalists (Elf:3)
  19 stone giants
  2 demonspawn blood saints (Pan)
  9 reapers (Pan)
  7 ironbound thunderhulks
  4 demonspawn black suns
  An entropy weaver (shapeshifter) (Depths:3)
  7 deep elf demonologists
  15 black draconians
  11 entropy weavers
  15 white draconians
  4 lorocyprocas (Pan)
  25 purple draconians
  9 vampire knights
  3 bunyips
  14 green draconians
  6 eleionomae
  7 deep elf annihilators
  19 yellow draconians
  13 dire elephants
  14 red draconians
  9 spark wasps
  3 eidola
  2 mummy priests (Zig:6)
  3 blizzard demons
  A merfolk impaler (Depths:1)
  11 deep elf death magi
  5 crystal guardians
  8 jiangshi
  10 ettins
  5 fire dragons
  8 deep elf high priests
  Harold (Lair:1)
  2 spriggan zombies (Crypt:1)
  7 great orbs of eyes
  A shambling mangrove (Swamp:3)
  17 yaktaur captains
  43 vault guards
  3 peacekeepers
  6 spriggan air magi
  Fannar (D:11)
  7 rakshasas
  11 ice dragons
  20 hydras
  7 boulder beetles
  3 hell beasts
  2 jorogumos (Spider:4)
  The ghost of hitsuchi the Tainter, a journeyman DEWz of Gozag (Lair:5)
  2 ogre magi (D:15)
  A catoblepas (D:14)
  4 spriggan skeletons
  A fenstrider witch skeleton (Crypt:2)
  2 death knights
  Erica (D:11)
  6 ghost crabs
  An alligator (shapeshifter) (Depths:3)
  13 two-headed ogres
  3 radroaches
  10 alligators
  13 centaur warriors
  10 ironbound frosthearts
  11 deep troll shamans
  5 vampire magi
  33 dancing weapons
  4 death yaks (Lair:6)
  7 hell hogs
  3 orc high priests (Orc:2)
  4 tengu warriors
  Urug (D:10)
  9 deep troll earth magi
  6 soul eaters
  A shock serpent (shapeshifter) (Vaults:5)
  20 hell knights
  11 thrashing horrors
  An emperor scorpion zombie (Crypt:2)
  40 sun demons
  7 spriggan berserkers
  13 deep elf knights
  14 skeletal warriors
  5 wretched stars
  A death drake (shapeshifter) (Vaults:5)
  A sun moth (Spider:4)
  8 pharaoh ants
  7 spriggan druids
  A golden dragon zombie (Crypt:3)
  7 iron trolls
  3 goliath frogs
  2 shadow wraiths
  61 deep trolls
  15 sixfirhies
  A storm dragon skeleton (Crypt:3)
  7 shadow demons
  9 glowing orange brains
  7 spatial maelstroms
  10 steelbarb worms
  9 orb spiders
  A lindwurm (shapeshifter) (Depths:2)
  3 flayed ghosts
  10 swamp dragons
  8 bog bodies
  12 harpies
  5 deep elf archers
  9 lindwurms
  A golden dragon skeleton (Depths:1)
  A shadow dragon zombie (Crypt:2)
  A bunyip skeleton (Crypt:3)
  10 phantasmal warriors
  13 necromancers
  13 ironbound convokers
  17 deep elf pyromancers
  9 will-o-the-wisps
  34 deep elf zephyrmancers
  11 orc knights
  An orange crystal statue (Zot:5)
  10 wizards
  54 ugly things
  5 orc sorcerers
  7 shining eyes
  15 wolf spiders
  5 cyclopes
  A moth of wrath (shapeshifter) (Depths:1)
  A manticore (shapeshifter) (Vaults:4)
  7 worldbinders
  An eleionoma skeleton (Crypt:1)
  31 moths of wrath
  2 stone giant skeletons
  A jorogumo skeleton (Crypt:1)
  2 rust devils
  A naga zombie (Crypt:3)
  5 centaur zombies
  Maurice (Orc:1)
  3 black mambas
  24 vault sentinels
  10 elephants (Lair:5)
  8 torpor snails
  2 ice statues (D:14)
  6 eyes of devastation
  An apocalypse crab (Abyss:2)
  Maggie (D:7)
  16 smoke demons
  A storm dragon simulacrum (Crypt:2)
  7 cane toads
  4 unseen horrors
  A centaur skeleton (Abyss:1)
  2 gargoyles
  15 orange demons
  17 hellions
  4 freezing wraiths
  11 komodo dragons
  21 demonic crawlers
  A naga skeleton (Abyss:1)
  4 guardian mummies (Zig:6)
  4 efreet
  2 swamp worm zombies
  A tormentor (Depths:1)
  4 ice devils
  A rime drake (Lair:3)
  3 harpy zombies
  30 yaktaurs
  2 hydra zombies (Crypt:3)
  3 red devils
  6 tengu conjurers
  3 hellwings
  3 polar bears
  8 trolls
  A white draconian skeleton (Crypt:2)
  14 ancient zymes
  A queen bee (shapeshifter) (Vaults:1)
  9 tyrant leeches
  A merfolk (shapeshifter) (Depths:2)
  15 meliai
  25 tarantellas
  3 harpy skeletons
  12 hornets
  25 raiju
  A hydra skeleton (Crypt:3)
  23 blink frogs
  93 slime creatures
  A blink frog (shapeshifter) (Abyss:1)
  2 black mamba zombies
  A jumping spider (shapeshifter) (D:14)
  A fire dragon zombie (Crypt:3)
  21 ynoxinuls
  Sigmund (D:4)
  36 flying skulls
  2 ettin skeletons
  13 spriggans
  31 jumping spiders
  3 shadows
  A culicivora (shapeshifter) (D:15)
  9 water elementals
  A spriggan (shapeshifter) (Orc:1)
  25 culicivoras
  7 air elementals
  4 fire bats (Pan)
  13 wraiths
  3 wyverns
  4 fire elementals
  65 yaks
  A vampire (D:11)
  2 steam dragons
  38 chaos spawn
  A wind drake skeleton (Crypt:1)
  55 redbacks
  13 vampire mosquitoes
  22 neqoxecs
  11 basilisks
  A golden eye (Slime:5)
  3 wargs
  Menkaure (D:6)
  A harpy simulacrum (Abyss:3)
  44 large abominations
  17 swamp worms
  12 spatial vortices
  A merfolk zombie (Crypt:2)
  An acid dragon (D:10)
  Duvessa (D:5)
  A floating eye (Depths:3)
  A two-headed ogre skeleton (Crypt:3)
  11 water moccasins
  A hydra simulacrum (Abyss:1)
  7 swamp drakes
  21 orc warriors
  2 black bears
  5 necrophages
  A sky beast (D:4)
  13 ogres
  A boggart (Vaults:2)
  23 wolves
  6 centaurs
  2 phantoms
  A rime drake zombie (Crypt:2)
  3 kobold brigands
  9 bullfrogs
  2 wyvern zombies (D:8)
  A yaktaur skeleton (Crypt:2)
  A wyvern skeleton (D:5)
  4 earth elementals
  4 scorpions
  Dowan (D:5)
  3 water moccasin skeletons
  42 small abominations
  A queen bee zombie (Crypt:1)
  A killer bee (shapeshifter) (Vaults:5)
  A troll skeleton (Crypt:2)
  11 wights
  A polar bear skeleton (Crypt:1)
  6 howler monkeys
  7 electric eels
  A crimson imp (Abyss:1)
  2 bullfrog zombies (D:5)
  38 starcursed masses
  11 quasits
  2 hounds
  6 jellies
  Crazy Yiuf (D:4)
  22 orc priests
  A gnoll shaman (D:7)
  2 iron imps (Abyss:1)
  2 bullfrog skeletons
  An iguana (D:5)
  Ijyb (D:5)
  Terence (D:2)
  23 orc wizards
  2 ogre skeletons
  2 mummies (Zig:6)
  2 howler monkey zombies
  9 gnolls
  13 adders
  A shadow imp (Abyss:1)
  4 white imps
  6 ufetubi
  A worm (D:2)
  2 dart slugs
  65 orcs
  3 bats
  A bat zombie (Crypt:2)
  13 endoplasms
  6 giant cockroaches
  7 hobgoblins
  35 kobolds
  A quokka (D:2)
  7 ball pythons
  3 frilled lizards
  4 goblins
  2 rats (D:3)
  2 lurking horrors
  24 pillars of salt
  13 starspawn tentacles
3030 creatures vanquished.

Vanquished Creatures (collateral kills)
  An acid blob (Slime:5)
  2 azure jellies (Slime:5)
  A draconian annihilator (Zot:3)
  A quicksilver ooze (Slime:5)
  A sun demon (Pan)
  4 swamp worms (Gauntlet)
10 creatures vanquished.

Vanquished Creatures (others)
  A tentacled starspawn (Abyss:5)
  A draconian knight (Zot:2)
  A draconian annihilator (Zot:2)
  A yellow draconian (Depths:4)
  A yaktaur captain (Vaults:4)
  2 wizards
  A hellion (Pan)
  A tarantella (Spider:4)
  3 bloated husks
  2 raiju (Abyss:5)
  2 vampire mosquitoes (Swamp:1)
  3 small abominations
  A quasit (Abyss:2)
  A gnoll (D:7)
  5 briar patches (Swamp:4)
  65 foxfires
  57 fungi
  3 lurking horrors
  66 pillars of salt
  199 plants
  23 starspawn tentacles
  9 toadstools (D:2)
448 creatures vanquished.

Grand Total: 3488 creatures vanquished

Notes
Turn   | Place    | Note
-------+----------+-------------------------------------------
     0 | D:1      | Amplified the Minotaur Fighter began the quest for the Orb.
     0 | D:1      | Reached XP level 1. HP: 19/19 MP: 0/0
   473 | D:1      | Reached XP level 2. HP: 27/27 MP: 1/1
   674 | D:1      | Found a faded altar of an unknown god.
   715 | D:1      | Prayed at the altar of an unknown god.
   715 | D:1      | Became a worshipper of Zin the Law-Giver
   715 | D:1      | Reached * piety under Zin
  1215 | D:2      | Found a stormy altar of Qazlal.
  1218 | D:1      | Donated 35 gold pieces to Zin
  1265 | D:2      | Noticed Terence
  1271 | D:2      | Killed Terence
  1272 | D:2      | Reached XP level 3. HP: 27/33 MP: 2/2
  1391 | D:2      | Reached skill level 1 in Invocations
  1401 | D:2      | Reached ** piety under Zin
  1661 | D:2      | Reached XP level 4. HP: 31/40 MP: 3/3
  1923 | D:2      | Reached XP level 5. HP: 31/46 MP: 3/5
  2091 | D:2      | Reached skill level 5 in Shields
  2444 | D:3      | Noticed an ogre
  2448 | D:3      | Killed an ogre
  2449 | D:3      | Reached XP level 6. HP: 53/53 MP: 5/7
  2630 | D:3      | Identified a scroll of acquirement
  2630 | D:3      | Acquired the amulet "Coguucrace" {Reflect Int+6 SH+5}
  2687 | D:4      | Reached skill level 5 in Axes
  2830 | D:4      | Noticed Sigmund
  2835 | D:4      | Killed Sigmund
  2836 | D:4      | Reached skill level 5 in Fighting
  2836 | D:4      | Reached XP level 7. HP: 61/61 MP: 8/8
  3056 | D:4      | Found a white marble altar of Elyvilon.
  3282 | D:4      | Reached *** piety under Zin
  3421 | D:4      | Found a hide-covered altar of Uskayaw.
  3518 | D:4      | Found a runed translucent door.
  3519 | D:4      | Noticed Crazy Yiuf
  3527 | D:4      | Killed Crazy Yiuf
  3588 | D:5      | Entered Level 5 of the Dungeon
  3657 | D:5      | Noticed Ijyb
  3681 | D:5      | Killed Ijyb
  3763 | D:5      | Reached XP level 8. HP: 70/70 MP: 10/10
  4035 | D:5      | Noticed Duvessa
  4035 | D:5      | Noticed Dowan
  4041 | D:5      | Killed Dowan
  4042 | D:5      | Reached skill level 5 in Invocations
  4045 | D:5      | Killed Duvessa
  4113 | D:5      | Found a shimmering blue altar of Sif Muna.
  4277 | D:5      | Identified the +4 ring mail "Gucw" {Will+ Dex+5}
  4542 | D:5      | Found a broken altar of Ashenzari.
  4929 | D:6      | Reached **** piety under Zin
  4980 | D:6      | Reached XP level 9. HP: 78/78 MP: 12/12
  5125 | D:6      | Noticed Menkaure
  5152 | D:6      | Killed Menkaure
  5593 | D:6      | Found a staircase to the Ecumenical Temple.
  5766 | D:6      | Identified the +10 long sword "Sulokh" {vorpal, *Noise
                  | *Slow rN+++ Int+10}
  5832 | D:7      | Noticed Maggie
  5883 | D:7      | Found an iron altar of Okawaru.
  6092 | D:7      | Found a blossoming altar of Fedhas.
  6126 | D:7      | Reached skill level 1 in Dodging
  6127 | D:7      | Killed Maggie
  6819 | D:8      | Found Cantigas's Magic Scroll Shop.
  7082 | D:8      | Reached XP level 10. HP: 72/86 MP: 14/14
  7131 | D:8      | Found Dumous's Jewellery Shoppe.
  7246 | D:8      | Found a glowing silver altar of Zin.
  7247 | D:8      | Found a sacrificial altar of Ru.
  7247 | D:8      | Found a snail-covered altar of Cheibriados.
  7302 | D:8      | Reached skill level 5 in Armour
  7388 | D:8      | Found Xuof's Weapon Boutique.
  7744 | D:8      | Found a radiant altar of Vehumet.
  7787 | D:8      | Reached ***** piety under Zin
  7798 | D:8      | Found Aloghel's Antique Weapon Boutique.
  7864 | D:9      | Found a staircase to the Lair.
  7886 | D:8      | Reached skill level 10 in Axes
  8216 | D:10     | Entered Level 10 of the Dungeon
  8523 | D:10     | Identified the ring "Zaaryuq" {Wiz rElec}
  8737 | D:10     | Found a staircase to the Orcish Mines.
  8823 | D:10     | Noticed a centaur warrior
  8836 | D:10     | Killed a centaur warrior
  9032 | D:10     | Noticed Urug
  9330 | D:9      | Reached XP level 11. HP: 63/95 MP: 16/16
  9854 | D:9      | Noticed a two-headed ogre
  9872 | D:9      | Killed a two-headed ogre
 10239 | D:10     | Killed Urug
 10451 | D:10     | Found a shadowy altar of Dithmenos.
 10461 | D:10     | Reached skill level 5 in Dodging
 10500 | D:10     | Found a basalt altar of Yredelemnul.
 10501 | D:10     | Found a sparkling altar of Nemelex Xobeh.
 10573 | D:11     | Noticed Erica
 10584 | D:11     | Killed Erica
 11682 | D:11     | Noticed Fannar
 11708 | D:11     | Killed Fannar
 11709 | D:11     | Reached skill level 10 in Invocations
 12139 | D:12     | Found a gate leading to a gauntlet.
 12150 | D:12     | Noticed a centaur warrior
 12155 | Gauntlet | Entered a Gauntlet
 12155 | Gauntlet | Found a transporter.
 12155 | Gauntlet | Found a transporter.
 12205 | Gauntlet | Found a transporter.
 12217 | Gauntlet | Found a transporter.
 12235 | Gauntlet | Found a transporter.
 12235 | Gauntlet | Found a transporter.
 12235 | Gauntlet | Found a transporter.
 12237 | Gauntlet | Found a transporter.
 12237 | Gauntlet | Found a transporter.
 12246 | Gauntlet | Noticed a fire crab
 12249 | Gauntlet | Found a transporter.
 12265 | Gauntlet | Found a transporter.
 12272 | Gauntlet | Noticed a large abomination
 12275 | Gauntlet | Found a transporter.
 12290 | Gauntlet | Found a transporter.
 12310 | Gauntlet | Found a transporter.
 12648 | Gauntlet | Identified the amulet of the Philosopher {Spirit rC+}
 12669 | Gauntlet | Identified the +0 battleaxe of Oozing Pus {vorpal, Int+3}
 12916 | Gauntlet | Identified the ring "Vorinod" {*Slow Str+6 Int+5 Dex+6}
 12916 | Gauntlet | Noticed a minotaur
 12934 | Gauntlet | Identified the ring "Gume" {rC- Str+2 Int+8 SInv}
 12934 | Gauntlet | Identified the +6 war axe of Viny Conscience {vorpal, rC++
                  | rN+ Int+4 Stlth-}
 13362 | Lair:1   | Entered Level 1 of the Lair of Beasts
 13394 | Lair:1   | Reached XP level 12. HP: 97/106 MP: 18/18
 13515 | Lair:1   | Noticed a six-headed hydra
 13531 | Lair:1   | Killed a one-headed hydra
 13532 | Lair:1   | Reached skill level 10 in Fighting
 13616 | Lair:1   | Noticed Harold
 13638 | Lair:1   | Killed Harold
 13754 | Lair:1   | Found a dark tunnel.
 13777 | Volcano  | Entered a volcano
 15517 | Lair:2   | Found a staircase to the Swamp.
 15859 | Lair:3   | Reached ****** piety under Zin
 16005 | Lair:3   | Reached XP level 13. HP: 115/115 MP: 20/20
 16902 | Lair:4   | Found a hole to the Spider Nest.
 17478 | Lair:4   | Found a radiant altar of Vehumet.
 17790 | Lair:5   | Reached skill level 15 in Axes
 17922 | Lair:5   | Reached skill level 10 in Armour
 18190 | Lair:5   | Found a runed translucent gate.
 18191 | Lair:5   | Found a runed translucent gate.
 18192 | Lair:5   | Found a runed translucent gate.
 18195 | Lair:5   | Noticed hitsuchi's ghost (journeyman DEWz)
 18814 | Lair:6   | Entered Level 6 of the Lair of Beasts
 20215 | D:13     | Found a gate to the Vaults.
 20462 | D:13     | Reached XP level 14. HP: 126/126 MP: 22/22
 20795 | Orc:1    | Entered Level 1 of the Orcish Mines
 20835 | Orc:1    | Found a transporter.
 20846 | Orc:1    | Noticed Maurice
 20859 | Orc:1    | Killed Maurice
 21033 | Orc:1    | Found a transporter.
 21273 | Orc:1    | Found a one-way gate to the infinite horrors of the Abyss.
 21273 | Orc:1    | Noticed Kaiern's ghost (journeyman MiHu)
 21274 | Orc:1    | Noticed a white very ugly thing
 21394 | Orc:2    | Entered Level 2 of the Orcish Mines
 21677 | Orc:2    | Found a staircase to the Elven Halls.
 22774 | Lair:6   | Found a corrupted altar of Lugonu.
 22937 | Lair:6   | Found a staircase to the Slime Pits.
 23548 | Orc:2    | Found a shimmering blue altar of Sif Muna.
 23799 | Orc:2    | Noticed an orc warlord
 23828 | Orc:2    | Killed an orc warlord
 24028 | Orc:2    | Reached skill level 10 in Dodging
 24242 | Orc:2    | Found Gud Joam's Magic Scroll Boutique.
 24242 | Orc:2    | Found Sokomma's Armour Emporium.
 24244 | Orc:2    | Found Qisirchuenk's Distillery.
 24244 | Orc:2    | Found Xajy's Armour Boutique.
 24498 | Orc:2    | Bought a scroll of teleportation for 33 gold pieces
 24498 | Orc:2    | Bought a scroll of enchant armour for 82 gold pieces
 24498 | Orc:2    | Bought a scroll of teleportation for 33 gold pieces
 24498 | Orc:2    | Bought a scroll of fear for 38 gold pieces
 24502 | Orc:2    | Bought a potion of curing for 51 gold pieces
 24502 | Orc:2    | Bought a potion of might for 68 gold pieces
 24502 | Orc:2    | Bought a potion of heal wounds for 85 gold pieces
 24502 | Orc:2    | Bought a potion of curing for 51 gold pieces
 24502 | Orc:2    | Bought a potion of ambrosia for 136 gold pieces
 24506 | Orc:2    | Bought the +2 cloak of the Thief {*Fog Slay-2 SInv Stlth+}
                  | for 221 gold pieces
 24506 | Orc:2    | Found the +2 cloak of the Thief {*Fog Slay-2 SInv Stlth+}
 24633 | D:8      | Bought the amulet of Ruegaup {Faith rF++ rCorr} for 981
                  | gold pieces
 25043 | D:13     | Reached XP level 15. HP: 135/135 MP: 25/25
 25673 | D:13     | Reached skill level 15 in Invocations
 26208 | Elf:1    | Entered Level 1 of the Elven Halls
 26212 | Elf:1    | Paralysed by an air elemental for 1 turns
 26232 | Elf:1    | Paralysed by an air elemental for 1 turns
 26235 | Orc:2    | Paralysed by an air elemental for 1 turns
 26415 | Elf:1    | Learned a level 2 spell: Passwall
 26452 | Elf:1    | Found Ehoqol's General Store.
 26456 | Elf:1    | Found Cakhleato's General Store.
 26457 | Elf:1    | Found Zeg Pufu's Antique Armour Shoppe.
 26553 | Elf:1    | Bought a scroll of teleportation for 42 gold pieces
 26805 | Elf:1    | Reached skill level 1 in Spellcasting
 27735 | Elf:2    | Identified the +1 robe "Jemestro" {rElec Str+2}
 28425 | Elf:2    | Found Eweebuna's General Store.
 29256 | Elf:2    | Reached XP level 16. HP: 101/147 MP: 27/27
 29713 | Swamp:1  | Entered Level 1 of the Swamp
 29915 | Spider:1 | Entered Level 1 of the Spider Nest
 30060 | Swamp:1  | Learned a level 3 spell: Mephitic Cloud
 30445 | Swamp:1  | Acquired the ring of Xom's Full Attention {rPois rF+ rN++
                  | Will- EV+4}
 30672 | Swamp:1  | Noticed Donald
 30679 | Swamp:1  | Killed Donald
 30680 | Swamp:1  | Reached skill level 1 in Air Magic
 30680 | Swamp:1  | Reached skill level 1 in Poison Magic
 31276 | Swamp:2  | Found an opulent altar of Gozag.
 31406 | Swamp:2  | Reached skill level 5 in Spellcasting
 32354 | Swamp:3  | Identified the +6 spear of Nudugonn {vorpal, Will+ Str-2
                  | SInv}
 32361 | Swamp:3  | Noticed a thorn hunter
 33345 | Swamp:2  | Reached skill level 1 in Conjurations
 33590 | Swamp:4  | Entered Level 4 of the Swamp
 34501 | Swamp:3  | Reached skill level 15 in Fighting
 34622 | Swamp:3  | Killed a thorn hunter
 35524 | Swamp:4  | Noticed a thorn hunter
 35691 | Swamp:4  | Reached XP level 17. HP: 138/156 MP: 28/28
 36499 | Swamp:4  | Got a decaying rune of Zot
 38475 | D:14     | Found a transporter.
 38581 | D:14     | Noticed Cown's ghost (journeyman TrHu)
 38588 | D:15     | Entered Level 15 of the Dungeon
 38822 | D:15     | Found a staircase to the Depths.
 38829 | D:15     | Acquired a manual of Dodging
 39301 | D:15     | Found Oxagasas's Book Emporium.
 39642 | D:15     | Identified Roxanne's Guide on Transformation
 39642 | D:15     | Noticed Roxanne
 40212 | D:14     | Found a transporter.
 40592 | D:14     | Found the +5 sword of Power {vorpal}
 41441 | Spider:1 | Reached skill level 15 in Dodging
 42670 | Spider:2 | Reached XP level 18. HP: 153/165 MP: 0/29
 43960 | Spider:3 | Reached skill level 5 in Conjurations
 45291 | Spider:4 | Entered Level 4 of the Spider Nest
 48430 | Spider:4 | Got a gossamer rune of Zot
 48468 | Spider:4 | Reached XP level 19. HP: 166/177 MP: 31/31
 48999 | Vaults:1 | Entered Level 1 of the Vaults
 49753 | Vaults:1 | Learned a level 3 spell: Swiftness
 49810 | Vaults:2 | Reached XP level 20. HP: 173/184 MP: 32/32
 50105 | Vaults:3 | Found a gateway to a bazaar.
 50152 | Vaults:3 | Acquired 950 gold pieces
 52803 | Vaults:4 | Noticed Mennas
 54551 | Vaults:3 | Noticed Asterion
 54564 | Vaults:3 | Killed Asterion
 55269 | Vaults:2 | Reached skill level 10 in Shields
 55376 | Vaults:2 | Found a staircase to the Crypt.
 55439 | Vaults:2 | Reached XP level 21. HP: 160/195 MP: 31/33
 55859 | Vaults:2 | Noticed Xtahua
 55999 | Bazaar   | Entered a bazaar
 56017 | Bazaar   | Found Gorellus's Book Shop.
 56037 | Bazaar   | Found Damot's Jewellery Boutique.
 56037 | Bazaar   | Found Uxzilaet's General Store.
 56064 | Bazaar   | Found Xaotsiak's Jewellery Boutique.
 56121 | Bazaar   | Bought a potion of curing for 33 gold pieces
 56121 | Bazaar   | Bought a potion of heal wounds for 55 gold pieces
 56121 | Bazaar   | Bought a scroll of magic mapping for 38 gold pieces
 56138 | Bazaar   | Bought a book of Chaos for 450 gold pieces
 56138 | Bazaar   | Bought a book of the Sky for 396 gold pieces
 56138 | Bazaar   | Bought a book of the Hunter for 234 gold pieces
 56166 | Bazaar   | Bought the Grimoire of Feathers and Black Magic for 414
                  | gold pieces
 56166 | Bazaar   | Bought Sif Muna's Compendium of Hurtful Earth for 360 gold
                  | pieces
 56166 | Bazaar   | Bought a book of Minor Magic for 162 gold pieces
 56201 | Vaults:3 | Learned a level 4 spell: Summon Lightning Spire
 56354 | Crypt:1  | Entered Level 1 of the Crypt
 56493 | Crypt:1  | Noticed Frederick
 56517 | Crypt:1  | Killed Frederick
 58698 | Crypt:3  | Entered Level 3 of the Crypt
 59310 | Crypt:3  | Found a staircase to the Tomb.
 59317 | Crypt:3  | Got the Papyrus of Darkness
 59610 | Crypt:3  | Found an ancient bone altar of Kikubaaqudgha.
 59610 | Crypt:3  | Noticed a dread lich
 59621 | Crypt:3  | Paralysed by something for 6 turns
 59630 | Crypt:3  | Killed a dread lich
 61175 | Vaults:2 | Reached XP level 22. HP: 183/204 MP: 36/36
 61604 | Vaults:2 | Killed Xtahua
 62035 | Vaults:2 | Identified the +7 fustibalus "Piehani" {flame, Will+}
 63388 | Depths:1 | Entered Level 1 of the Depths
 63660 | Elf:2    | Found a runed translucent gate.
 63660 | Elf:2    | Found a runed translucent gate.
 63661 | Elf:2    | Found a runed translucent gate.
 63982 | Elf:3    | Entered Level 3 of the Elven Halls
 65498 | Elf:3    | Identified the +0 ring mail "Riteg" {Str+3}
 65506 | Elf:3    | Identified the +2 ring mail of Incorporation {rN+ Regen+}
 65521 | Elf:3    | Found the +8 frozen axe "Frostbite" {freezing cloud, *Noise
                  | Fly rC+}
 65522 | Elf:3    | Found the +7 sceptre of Torment {pain, torment}
 65548 | Elf:3    | Identified the +8 war axe "Neneycar" {flame, *Noise rN++}
 65601 | Elf:3    | Identified the +5 flail "Sokev" {flame, rF+ rN+ Int+3}
 65601 | Elf:3    | Identified the ring "Atiaptoh" {*Corrode Will+ Int+4
                  | Slay+6}
 66604 | Orc:2    | Learned a level 2 spell: Blink
 66640 | Orc:2    | Got Sif Muna's Grimoire of Lightness
 66823 | D:14     | Killed Cown's ghost
 67076 | D:15     | Killed Roxanne
 67259 | Orc:1    | Killed Kaiern's ghost
 67619 | Lair:5   | Killed hitsuchi's ghost
 67902 | Depths:1 | Reached skill level 1 in Crossbows
 67902 | Depths:1 | Reached XP level 23. HP: 182/216 MP: 36/38
 68457 | Depths:1 | Reached skill level 5 in Crossbows
 68778 | Depths:1 | Found a gateway to Hell.
 68784 | Depths:1 | Identified the ring "Kalab" {rElec rCorr Int-3 Dex+3}
 68814 | Depths:1 | Found a snail-covered altar of Cheibriados.
 69080 | Depths:1 | Found a shadowy altar of Dithmenos.
 69567 | Depths:2 | Found a one-way gate leading to the halls of Pandemonium.
 69957 | Depths:2 | Reached skill level 15 in Armour
 70379 | Depths:2 | Reached skill level 10 in Crossbows
 70905 | Depths:2 | Noticed a caustic shrike
 70906 | Depths:2 | Noticed a caustic shrike
 70906 | Depths:2 | Identified the ring of Quro {rC+ Will+ MP+9}
 70907 | Depths:2 | Noticed a caustic shrike
 71159 | Depths:3 | Paralysed by a floating eye for 4 turns
 71165 | Depths:3 | Paralysed by a floating eye for 4 turns
 71613 | Depths:3 | Noticed a juggernaut
 71635 | Depths:3 | Noticed Louise
 71646 | Depths:2 | Noticed a caustic shrike
 71750 | Depths:3 | Found a one-way gateway to a ziggurat.
 72164 | Depths:3 | Noticed a juggernaut
 72197 | Depths:4 | Entered Level 4 of the Depths
 72793 | Depths:4 | Noticed Boris
 72817 | Depths:4 | Killed Boris
 73559 | Depths:4 | Found a gate to the Realm of Zot.
 73770 | Depths:4 | Found a sparkling altar of Nemelex Xobeh.
 73872 | Depths:4 | Noticed a juggernaut
 73887 | Depths:4 | Killed a juggernaut
 74318 | Depths:4 | Reached XP level 24. HP: 213/225 MP: 38/38
 74554 | Depths:3 | Killed Louise
 74662 | Depths:3 | Killed a juggernaut
 74686 | Depths:3 | Killed a juggernaut
 74687 | Depths:3 | Identified the +5 ring mail "Jiduedui" {+Inv rF- rN+ Will+}
 74915 | Depths:3 | You fall into a shaft and drop 1 floor!
 76418 | Depths:2 | Got Wantaotty's Grimoire of Damaging Fascination
 78687 | Vaults:4 | Identified the amulet "Wedebecs" {Spirit Harm rPois Int+4
                  | Stlth+}
 78757 | Vaults:4 | Reached skill level 15 in Shields
 79609 | Vaults:5 | Entered Level 5 of the Vaults
 80196 | Vaults:5 | Noticed Bai Suzhen
 80399 | Vaults:5 | Noticed a dread lich
 80436 | Vaults:5 | Killed a dread lich
 80625 | Vaults:5 | Identified the +1 glaive "Ykexkarph" {flame, *Noise rC+
                  | Str+3 Int+3}
 80749 | Vaults:5 | Got a silver rune of Zot
 81032 | Vaults:5 | Identified the ring "Jiarch" {rC++ rN+ AC+4}
 81098 | Vaults:5 | Killed Bai Suzhen
 81561 | Vaults:5 | Reached XP level 25. HP: 237/237 MP: 38/39
 81592 | Vaults:5 | Identified the +12 flail "Das Omice" {vorpal, Str+3}
 81983 | Vaults:5 | Noticed Jory
 82172 | Vaults:5 | Killed Jory
 82198 | Vaults:5 | Got the Guide on Ashen Weightlessness
 83397 | Vaults:5 | Noticed an ancient lich
 83423 | Vaults:5 | Killed an ancient lich
 83496 | Vaults:5 | Identified the +2 chain mail of the Jackalope {rPois MP+9}
 83948 | Elf:1    | Bought a glowing tower shield for 285 gold pieces
 84021 | Orc:1    | Voluntarily entered the Abyss.
 84713 | Orc:1    | Escaped the Abyss
 84804 | Orc:1    | Voluntarily entered the Abyss.
 85086 | Abyss:1  | Found a corrupted altar of Lugonu.
 86802 | Abyss:4  | Found an iron altar of Okawaru.
 86826 | Abyss:5  | Entered Level 5 of the Abyss
 87125 | Orc:1    | Escaped the Abyss
 87649 | Zot:1    | Entered Level 1 of the Realm of Zot
 87686 | Zot:1    | Reached skill level 27 in Invocations
 88358 | Zot:1    | Identified the ring "Ocuir" {Drain EV+4 Str+4 Dex+2 SInv}
 93590 | Zot:3    | Reached XP level 26. HP: 259/259 MP: 39/39
 93840 | Zot:3    | Found the +4 dragonskin cloak
 93840 | Zot:3    | Noticed Tiamat
 93956 | Zot:3    | Found Jaroog's Changing Room.
 95460 | Slime:1  | Entered Level 1 of the Pits of Slime
 95869 | Slime:5  | Entered Level 5 of the Pits of Slime
 96307 | Slime:3  | Reached skill level 27 in Fighting
 96595 | Slime:5  | Reached skill level 10 in Spellcasting
 96600 | Slime:5  | Noticed the Royal Jelly
 96915 | Slime:5  | Gained mutation: Your magical capacity is low. (-10% MP) [a
                  | shining eye]
 97012 | Slime:5  | Found a viscous altar of Jiyva.
 97499 | Slime:5  | Killed the Royal Jelly
 97918 | Slime:5  | Identified the ring "Impemonop" {rC- Int+4 Dex+2 SInv}
 97933 | Slime:5  | Identified the +11 trident of Kuax {elec, rN+++ SInv
                  | Stlth-}
 97941 | Slime:5  | Identified the ring of Fisk {rElec MP+9 Dex+3}
 97958 | Slime:5  | Identified the ring "Cutoqeq" {Will+ Dex+6}
 97967 | Slime:5  | Got a slimy rune of Zot
 98443 | Zig:1    | Entered Level 1 of a ziggurat
 98527 | Zig:2    | Entered Level 2 of a ziggurat
 98576 | Zig:3    | Entered Level 3 of a ziggurat
 98579 | Zig:3    | Noticed a dread lich
 98588 | Zig:3    | Paralysed by a dread lich for 7 turns
 98608 | Zig:3    | Killed a dread lich
 98609 | Zig:3    | Reached skill level 1 in Summonings
 98619 | Zig:3    | Got the Tome of Weightlessness
 98715 | Zig:4    | Entered Level 4 of a ziggurat
 98760 | Zig:5    | Entered Level 5 of a ziggurat
 98764 | Zig:5    | Noticed a juggernaut
 98764 | Zig:5    | Noticed a juggernaut
 98764 | Zig:5    | Found the amulet of the Four Winds {rN+ Will+++ Clar}
 98780 | Zig:6    | Entered Level 6 of a ziggurat
 99044 | Zig:6    | Noticed a royal mummy
 99050 | Zig:6    | Reached skill level 5 in Air Magic
 99058 | Zig:6    | Identified the +1 shortbow of the Shimmering Queen {speed,
                  | Str+3}
 99348 | Depths:3 | Learned a level 5 spell: Freezing Cloud
 99358 | Depths:3 | Upgraded the game from 0.28.0-45-g0d030f2227 to
                  | 0.28.0-47-ge53b351184
 99754 | Zot:3    | Reached skill level 1 in Ice Magic
100403 | Zot:4    | Identified the +4 broad axe of Uncomfortable Rashes
                  | {protect, Will+ Int+2 SInv}
102078 | Zot:4    | Reached XP level 27. HP: 155/273 MP: 35/35
102898 | Zot:5    | Entered Level 5 of the Realm of Zot
105014 | Zot:5    | Noticed an orb of fire
105019 | Zot:5    | Gained mutation: Armour fits poorly on your strangely
                  | shaped body. [an orb of fire]
105031 | Zot:5    | Gained mutation: You are frail. (-10% HP) [an orb of fire]
105047 | Zot:5    | Gained mutation: You are very frail. (-20% HP) [an orb of
                  | fire]
105053 | Zot:5    | Killed an orb of fire
105204 | Zot:3    | Bought a potion of mutation for 144 gold pieces
105313 | Zot:5    | Noticed an orb of fire
106403 | Hell     | Entered the Vestibule of Hell
106403 | Hell     | Noticed Geryon
106689 | Pan      | Entered Pandemonium
106698 | Pan      | Cast into level 2 of the Abyss (reaper)
106699 | Abyss:2  | Found a corrupted altar of Lugonu.
107687 | Abyss:2  | Paralysed by accursed screaming for 1 turns
108017 | Pan      | Escaped the Abyss
108025 | Pan      | Noticed Xiocuovoh the pandemonium lord
108580 | Pan      | Learned a level 5 spell: Silence
108753 | Pan      | HP: 3/218 [Hell Sentinel/damnation (32)]
108773 | Pan      | Donated 2063 gold pieces to Zin
108847 | Pan      | Learned a level 4 spell: Airstrike
109116 | Pan      | Lost mutation: Your magical capacity is low. (-10% MP)
                  | [potion of mutation]
109116 | Pan      | Lost mutation: Armour fits poorly on your strangely shaped
                  | body. [potion of mutation]
109116 | Pan      | Lost mutation: You are very frail. (-20% HP) [potion of
                  | mutation]
109119 | Pan      | Lost mutation: You are frail. (-10% HP) [potion of
                  | mutation]
110481 | Pan      | Reached skill level 1 in Hexes
113169 | Pan      | Noticed Punnerchi the pandemonium lord
114490 | Pan      | Killed Punnerchi the pandemonium lord
114493 | Pan      | Identified the +2 ring mail "Ishriucle" {rF- Will+ Dex+6}
114498 | Pan      | Got a demonic rune of Zot
114684 | Pan      | Found an exit through the horrors of the Abyss.
114690 | Pan      | Took an exit into the Abyss.
114690 | Abyss:1  | Escaped into the Abyss
114709 | Abyss:1  | Found a corrupted altar of Lugonu.
114888 | Abyss:1  | Found a snail-covered altar of Cheibriados.
115064 | Depths:2 | Escaped the Abyss
115254 | Zot:5    | Killed an orb of fire
115553 | Zot:5    | Learned a level 3 spell: Portal Projectile
115557 | Zot:5    | Learned a level 3 spell: Confusing Touch
115579 | Zot:5    | Reached skill level 5 in Hexes
116753 | Zot:5    | Donated 1207 gold pieces to Zin
116811 | Zot:5    | Got the Orb of Zot
116960 | Zot:1    | Noticed a seraph
117239 | Depths:1 | Noticed Fymp the pandemonium lord
117275 | D:15     | Donated 604 gold pieces to Zin
117286 | D:15     | Noticed Jyofuucw the pandemonium lord
117296 | D:15     | Noticed Toceong the pandemonium lord
117301 | D:14     | Noticed Nutteg the pandemonium lord
117305 | D:14     | Noticed Beozehin the pandemonium lord
117389 | D:13     | Noticed Makhlaedu the pandemonium lord
117810 | D:$      | Escaped with the Orb!

Illustrated notes

Levels and vault maps discovered:
D:1:      dpeg_arrival_round_a, layout_basic,
          shapermc_ecumenical_altar_notcrosses
D:2:      cheibrodos_fertilizer, layout_rooms, basic_altar, uniq_terence
D:3:      layout_rooms, chequers_garden, kennysheep_generic_room_3
D:4:      layout_gridville, mainiacjoe_overflow_alcove_4, lemuel_doored_altar,
          kennysheep_generic_room_15, uniq_crazy_yiuf_cottage, uniq_sigmund
D:5:      layout_basic, mainiacjoe_overflow_big_doors, uniq_duvessa, uniq_ijyb
D:6:      layout_cave_pods, minmay_temple_entry_hall, nrook_mini_vaults,
          uniq_menkaure
D:7:      layout_cave_pods, okawaru_metal_pillars_1_2,
          fedhas_bush_and_centaur_altar, uniq_maggie
D:8:      layout_basic, chequers_temple_overflow_statue_of_worship,
          mainiacjoe_overflow_24_doors, serial_shops, nicolae_shop_trees,
          nicolae_diamond_shop, nicolae_shop_crystal, shop
D:9:      layout_roguey, minmay_lair_entry_grove
D:10:     layout_rooms, minitemple, david_orc_3, small_chamber_with_monster,
          uniq_urug
D:11:     layout_basic, uniq_erica, uniq_fannar
D:12:     hellmonk_crumbling_castle, layout_stronghold, gauntlet_entry_generic
D:13:     layout_grid_maze, lightli_vaults_fourway_checkpoint
D:14:     minmay_guarded_unrand_sword_of_power, layout_cave_pools,
          gammafunk_ghost_arena, portal_ice_cave_entry_ice_statue_two
D:15:     grunt_enter_depths_giant_problem, layout_irregular_city, serial_shops,
          shop_statue, nicolae_two_hexagons, uniq_roxanne
Lair:1:   layout_regular_city, lightli_volcano_entry_magma_tube, uniq_harold
Lair:2:   layout_chaotic_city, minmay_swamp_entry_worms, serial_bayou,
          serial_bayou_lake_a, serial_bayou_pond_d, serial_bayou_lagoon_a,
          serial_bayou_crossing, serial_bayou_shore_b, serial_bayou_ford_a
Lair:3:   minmay_lair_venomous_thicket, layout_gridlike, grunt_megastairs_4
Lair:4:   layout_hall_layers, spider_nest_entry_a, basic_altar,
          grunt_megastairs_2, lemuel_fruit_tree
Lair:5:   layout_hall_layers, ebering_ghost_rock_garden, beast_lair_carwin_1,
          grunt_megastairs_3
Lair:6:   hellmonk_lair_end_abyssal_woods, layout_cellular_growth, slime_dummy
Swamp:1:  layout_basic_swamp, evilmike_swamp_ruin_rubble_1,
          hangedman_swamp_blocks, hangedman_swamp_grove, uniq_donald
Swamp:2:  layout_basic_swamp, basic_altar
Swamp:3:  layout_basic_swamp, evilmike_swamp_ruin_wall
Swamp:4:  swamp_alternative, layout_basic_swamp, swamp_pool5
Spider:1: layout_spider_delve
Spider:2: layout_spider_delve
Spider:3: nicolae_spider_hilbert_zone_3 [nicolae_spider_hilbert_4_sides_2_open,
          nicolae_spider_hilbert_3_sides_1_open,
          nicolae_spider_hilbert_3_sides_1_open,
          nicolae_spider_hilbert_3_sides_1_open,
          nicolae_spider_hilbert_3_sides_1_open,
          nicolae_spider_hilbert_4_sides_1_open,
          nicolae_spider_hilbert_4_sides_1_open,
          nicolae_spider_hilbert_4_sides_1_open,
          nicolae_spider_hilbert_4_sides_1_open,
          nicolae_spider_hilbert_4_sides_1_open,
          nicolae_spider_hilbert_4_sides_1_open,
          nicolae_spider_hilbert_4_sides_1_open,
          nicolae_spider_hilbert_4_sides_1_open,
          nicolae_spider_hilbert_3_sides_1_open,
          nicolae_spider_hilbert_3_sides_1_open,
          nicolae_spider_hilbert_3_sides_1_open,
          nicolae_spider_hilbert_3_sides_1_open]
Spider:4: hellmonk_spider_rune_endless_swarm
Slime:1:  layout_caves
Slime:2:  layout_caves
Slime:3:  layout_caves, nicolae_slime_phagocytosis
Slime:4:  nicolae_slime_pool, layout_caves
Slime:5
Orc:1:    layout_diamond_mine, gammafunk_ghost_abyssal_escape, uniq_maurice
Orc:2:    grunt_orc_tribal_feast, layout_diamond_mine, led_sif_book
Elf:1:    nicolae_elf_arrival_aired_out, layout_gridlike,
          hangedman_corner_corridor, grunt_ministairs_3,
          nicolae_elf_variegated_diamond, minmay_shop_star
Elf:2:    elven_hall_of_blades_hangedman_original
          [infiniplex_blade_entry_pillars], layout_loops_ring, serial_glass,
          glass_columns_a, glass_columns_a, serial_shops, nicolae_square_shop,
          drop_trap
Elf:3:    minmay_elf_hall_four_x, layout_loops_cross
Vaults:1: st_diamondy, v_misc_8, v_misc_19, v_misc_29, hangedman_vaults_cutoff,
          nicolae_vaults_mini_display_case, vaults_mumra_hex,
          vaults_room_grunt_arrival_ludios, nicolae_vaults_rhombus_6,
          vaults_room_pools, layout_vaults_big_room
Vaults:2: nicolae_vaults_theta, ontoclasm_vaults_misaligned,
          hangedman_vaults_impose, v_misc_4, nicolae_vaults_little_squares_4,
          v_misc_31, nicolae_vaults_shelves_hall, v_misc_26,
          minmay_crypt_entry_simple_statues, v_misc_9,
          ontoclasm_vaults_ring_large, v_alt_pattern_5, st_smaller_cells,
          v_misc_30, nicolae_vaults_big_angled_halls,
          ontoclasm_vaults_ring_small, layout_vaults_maze_bifur, uniq_xtahua
Vaults:3: hangedman_vaults_impose, nicolae_vaults_border_crossing, v_rooms_1,
          vaults_standard_mumra_enter_the_diamond, v_misc_4,
          vaults_room_corners, vaults_dpeg_cross, v_misc_26,
          vaults_room_semicircle, kb_rosetta, layout_vaults_quadrants,
          serial_shops, freezing_bzr, uniq_asterion
Vaults:4: v_rooms_4, v_misc_2, v_rooms_4, vaults_dpeg_spiral,
          hangedman_vaults_stream, v_misc_23, vaults_standard_mumra_lines,
          vaults_room_door_hall, grunt_vaults_hallway_short, v_alt_pattern_1,
          nicolae_vaults_theta, st_hourglassy, layout_vaults_omnicross,
          uniq_mennas
Vaults:5: serial_shops, uniq_jory, uniq_bai_suzhen
Crypt:1:  layout_misc_corridors, nicolae_crypt_ancient_font, uniq_frederick
Crypt:2:  layout_misc_corridors, minivault_25
Crypt:3:  cryptofortress_bobbens
Depths:1: layout_cave_pools, nicolae_dithmenos_through_a_glass_darkly,
          hell_entry, cheibriados_altar_2
Depths:2: grunt_runaround [grunt_runaround_doors_1, grunt_runaround_doors_2,
          grunt_runaround_doors_3, grunt_runaround_doors_4,
          grunt_runaround_loot], pan_entry, hell_entry
Depths:3: hangedman_cross_cluster, layout_cave_pools, enter_ziggurat_e,
          pf_hell_entry_great_geh, abandoned_shop,
          nicolae_abyss_entry_one_way_or_another, infiniplex_staircase_pool_2
Depths:4: evilmike_zot_entry_basic, layout_gridlike, hell_entry,
          rand_demon_pan_entry_5, nemelex_lonely_heart_becter,
          chequers_serial_rivers_small_b
Hell
Zot:1:    layout_basic, st_single_dragon_hoard_4, hangedman_zot_decor_slant
Zot:2:    layout_onion, lemuel_flame_loot_1
Zot:3:    layout_basic, nicolae_transmutations_shop, uniq_tiamat
Zot:4:    cheibrodos_zot_enchanting_chambers, layout_misc_corridors
Zot:5:    layout_onion

Skill      XL: |  1  2  3  4  5  6  7  8  9 10 11 12 13 14 15 16 17 18 19 20 21 22 23 24 25 26 27 |
---------------+----------------------------------------------------------------------------------+-----
Shields        | 4 5 6 7 8 9 10 12 13 15 | 15.0
Axes           | 3 4 5 6 8 9 11 12 14 15 17 18 | 18.0
Invocations    | 1 2 3 4 5 7 8 10 11 13 14 16 17 18 19 22 24 26 27 | 27.0
Fighting       | 4 5 6 7 8 9 10 12 13 14 15 17 18 20 21 25 27 | 27.0
Dodging        | 2 4 6 7 8 10 16 17 18 20 | 20.1
Armour         | 4 6 7 9 10 12 18 19 21 | 21.7
Spellcasting   | 4 6 8 9 11 12 | 12.5
Air Magic      | 2 6 9 |  9.1
Poison Magic   | 2 |  2.6
Conjurations   | 3 4 6 8 |  8.4
Crossbows      | 1 14 | 14.0
Summonings     | 1 |  1.7
Ice Magic      | 3 |  3.1
Hexes          | 6 |  6.0

Action                   |  1- 3 |  4- 6 |  7- 9 | 10-12 | 13-15 | 16-18 | 19-21 | 22-24 | 25-27 || total
-------------------------+-------+-------+-------+-------+-------+-------+-------+-------+-------++-------
Melee: War axe           |    59 |   100 |   255 |   607 |  1045 |  1535 |  1533 |  2120 |  3446 || 10700
       Headbutt          |     5 |    10 |    53 |   161 |   254 |   407 |   506 |   752 |  1622 ||  3770
       Scimitar          |       |       |       |     6 |       |       |       |       |       ||     6
       Unarmed           |       |       |       |       |       |     1 |       |       |       ||     1
       Broad axe         |       |       |       |       |       |       |       |       |   938 ||   938
Throw: Dart              |       |     2 |       |     3 |       |     1 |       |       |     1 ||     7
       Throwing net      |       |       |       |     2 |     1 |     2 |       |     2 |     4 ||    11
 Cast: Passwall          |       |       |       |       |       |     2 |       |     3 |    29 ||    34
       Swiftness         |       |       |       |       |       |       |     1 |       |       ||     1
       Mephitic Cloud    |       |       |       |       |       |       |     1 |       |     1 ||     2
       Blink             |       |       |       |       |       |       |       |     3 |     3 ||     6
       Summon Lightning  |       |       |       |       |       |       |       |       |    14 ||    14
       Freezing Cloud    |       |       |       |       |       |       |       |       |     3 ||     3
Invok: Donate Gold       |     1 |       |       |       |       |       |       |       |     3 ||     4
       Recite            |       |       |     7 |    13 |    37 |    31 |    40 |   104 |   161 ||   393
       Vitalisation      |       |       |     2 |    14 |    34 |    39 |    28 |    53 |    78 ||   248
       Sanctuary         |       |       |       |     1 |       |     3 |       |     2 |     7 ||    13
       Imprison          |       |       |       |       |       |       |       |       |     5 ||     5
Evoke: Wand              |       |     6 |    15 |     9 |    16 |    13 |     3 |    10 |    10 ||    82
       Phantom mirror    |       |       |       |       |       |       |       |     1 |     4 ||     5
       Lightning rod     |       |       |       |       |       |       |       |       |     1 ||     1
  Use: Potion            |     1 |     1 |     3 |     8 |     6 |    14 |     5 |    18 |    27 ||    83
       Scroll            |       |     3 |     7 |    16 |    10 |    19 |    13 |    19 |    37 ||   124
 Stab: Confused          |       |       |     1 |     3 |    22 |     4 |    23 |    93 |    64 ||   210
       Paralysed         |       |       |     8 |     3 |    20 |     3 |     4 |    57 |     2 ||    97
       Invisible         |       |       |       |     3 |       |     5 |     1 |       |     2 ||    11
       Held in net/web   |       |       |       |     1 |       |     3 |       |       |     3 ||     7
       Distracted        |       |       |       |     1 |       |     1 |       |     1 |     4 ||     7
Armor: Scale mail        |    23 |    37 |    26 |       |       |       |       |       |       ||    86
       Ring mail         |       |       |    44 |   168 |   251 |   560 |   363 |   518 |   613 ||  2517
       Quicksilver drago |       |       |       |       |       |       |       |       |   349 ||   349
       Storm dragon scal |       |       |       |       |       |       |       |       |   397 ||   397
Dodge: Dodged            |    21 |    39 |    71 |   222 |   369 |  1312 |  1096 |  1471 |  3065 ||  7666
Block: Buckler           |    16 |    22 |   114 |   324 |   417 |   645 |   409 |   595 |  1054 ||  3596
       Reflection        |       |       |     6 |     7 |     7 |     9 |       |       |     9 ||    38
       Kite shield       |       |       |       |       |       |       |       |       |   618 ||   618
